 Dungeon Crawl Stone Soup version 0.30-a0-465-g8901f6c8b5 (webtiles) character file.

Game seed: 14592032581668973253

67890 tkbsonic5 the Nimble (level 15, -15/117 HPs)
             Began as a Djinni Monk on Dec 18, 2022.
             Was a High Priest of Ashenzari.
             Demolished by a sun demon (20 damage)
             ... summoned by an orc high priest
             ... on level 1 of the Orcish Mines on Dec 22, 2022.
             The game lasted 02:16:55 (20279 turns).

tkbsonic5 the Nimble (Djinni Monk)                 Turns: 20279, Time: 02:16:56

Health: -15/117    AC: 22    Str: 14    XL:     15   Next: 68%
Gold:   745        EV: 17    Int: 13    God:    Ashenzari [*****.] SH:  0 Dex: 18

rFire   + + .      SeeInvis +      - Unarmed
rCold   . . .      Faith    .    (shield currently unavailable)
rNeg    . . .      Spirit   .    K - +6 chain mail {rC+}
rPois   ∞          Reflect  .    o - +1 hat "Lashed Sybil" {Fort, Melee} (curse)
rElec   .          Harm     .    n - +2 cloak of the Shackled Sky {Evo, Self} (curse)
rCorr   .          Rampage  .    (gloves currently unavailable)
Will    +....      Clarity  +    (boots unavailable)
Stlth   ..........               f - amulet "Tethered With Me" {Acrobat, Melee, Fort} (curse)
HPRegen 0.39/turn                d - ring of Desmomancy {Wiz, Melee, Range} (curse)
MPRegen 0.00/turn                w - ring "Lashed With Me" {EV+4, Cun, Range} (curse)

@: mighty, blade hands, spiked, on berserk cooldown, flying, slowed, very slow
A: flying, sickness immunity, fire resistance 2, cold vulnerability 1, float,
innate caster, HP casting, extra vitality 1
a: End Transformation, Renounce Religion, Shatter the Chains


You were on level 1 of the Orcish Mines.
You worshipped Ashenzari.
Ashenzari was extremely pleased with you.
You had blades for hands.
You visited 3 branches of the dungeon, and saw 21 of its levels.

You collected 1615 gold pieces.
You spent 870 gold pieces at shops.

Inventory:

Hand Weapons
 C - a +3 vampiric war axe
 E - the +4 long sword of the Sixty-Six Gods {holy, rF+ Str+2 Stlth-}
   (You found it on level 12 of the Dungeon)

   It has been blessed by the Shining One to cause great damage to the undead
   and demons.
   Str:       It affects your strength (+2).
   rF:        It protects you from fire.
   Stlth:     It makes you less stealthy.
 G - the cursed +5 battleaxe "Mantic Free Will" (melded) {Cun, Melee}
   (You took it off a wight on level 9 of the Dungeon)

   It has a curse which improves the following skills: Cunning: Dodging and
   Stealth.
   Melee Combat: Short Blades, Long Blades, Axes, Maces & Flails, Polearms,
   Staves and Unarmed Combat.
Missiles
 c - 3 boomerangs
 j - 4 javelins
 m - 25 poisoned darts
Armour
 i - a +1 plate armour
 k - the cursed +2 pair of gloves of the Cryptic Seeker (melded) {Cun, Evo}
   (You found it on level 3 of the Dungeon)

   It has a curse which improves the following skills: Cunning: Dodging and
   Stealth.
   Evocations: Evocations.
 n - the cursed +2 cloak of the Shackled Sky (worn) {Evo, Self}
   (You found it on level 3 of the Dungeon)

   It has a curse which improves the following skills: Evocations: Evocations.
   Introspection: Fighting and Spellcasting.
 o - the cursed +1 hat "Lashed Sybil" (worn) {Fort, Melee}
   (You found it on level 3 of the Dungeon)

   It has a curse which improves the following skills: Fortitude: Armour and
   Shields.
   Melee Combat: Short Blades, Long Blades, Axes, Maces & Flails, Polearms,
   Staves and Unarmed Combat.
 H - a scarf of shadows
 K - a +6 chain mail of cold resistance (worn)
Jewellery
 d - the cursed ring of Desmomancy (left blade hand) {Wiz, Melee, Range}
   (You found it on level 1 of the Dungeon)

   [ring of wizardry]

   It improves your spell success rate.
   It has a curse which improves the following skills: Melee Combat: Short
   Blades, Long Blades, Axes, Maces & Flails, Polearms, Staves and Unarmed
   Combat.
   Ranged Combat: Ranged Weapons and Throwing.
 f - the cursed amulet "Tethered With Me" (around neck) {Acrobat, Melee, Fort}
   (You found it on level 1 of the Dungeon)

   [amulet of the acrobat]

   It increases your evasion while moving and waiting.
   It has a curse which improves the following skills: Melee Combat: Short
   Blades, Long Blades, Axes, Maces & Flails, Polearms, Staves and Unarmed
   Combat.
   Fortitude: Armour and Shields.
 h - a ring of willpower
 q - a +6 ring of dexterity
 w - the cursed ring "Lashed With Me" (right blade hand) {EV+4, Cun, Range}
   (You found it on level 9 of the Dungeon)

   [ring of evasion]

   EV:        It affects your evasion (+4).
   It has a curse which improves the following skills: Cunning: Dodging and
   Stealth.
   Ranged Combat: Ranged Weapons and Throwing.
 B - a +6 ring of dexterity
 I - a +6 ring of dexterity
Wands
 g - a wand of quicksilver (2)
 F - a wand of digging (1)
 J - a wand of charming (4)
Scrolls
 b - a scroll of brand weapon
 e - 3 scrolls of magic mapping
 A - 5 scrolls of teleportation
Potions
 a - 2 potions of lignification
 l - 2 potions of cancellation
 p - 7 potions of curing
 u - 3 potions of brilliance
 x - a potion of ambrosia
 z - 2 potions of resistance
 D - a potion of might
Miscellaneous
 r - a phantom mirror (inert)
 s - a box of beasts (inert)
 v - a lightning rod (3/4) (quivered)


   Skills:
 * Level 11.7(14.0) Fighting
 * Level 7.1(11.6) Axes
 - Level 3.4(6.4) Ranged Weapons
 + Level 7.1(10.6) Throwing
 * Level 8.5(12.0) Armour
 * Level 12.6(14.8) Dodging
 - Level 1.5(3.1) Stealth
 * Level 9.4(13.9) Unarmed Combat
 * Level 8.6(10.9) Spellcasting
 + Level 6.9(9.2) Evocations


You had 10 spell levels left.
You knew the following spells:

 Your Spells              Type           Power      Damage    Failure   Level
a - Slow                  Hex            100%       N/A       7%          1
b - Momentum Strike       Conj/Tloc      70%        3d9       9%          2
c - Lesser Beckoning      Tloc           70%        N/A       12%         3
d - Stone Arrow           Conj/Erth      70%        3d11      12%         3
e - Summon Forest         Summ/Tloc      17%        N/A       45%         5
f - Blade Hands           Tmut           17%        N/A       45%         5
g - Summon Cactus Giant   Summ           17%        N/A       87%         6
Your spell library was empty.

Dungeon Overview and Level Annotations

Branches:
Dungeon (15/15) Temple (0/1) D:7 Lair (5/5) D:10 Shoals (0/4) Lair:3 Snake (0/4) Lair:2 Slime (0/5) Lair:4 Orc (1/2) D:10 Vaults (0/5) D:12 D:13 Depths (0/4) D:15

Altars:
Ashenzari
Cheibriados
Dithmenos
Fedhas
Hepliaklqana
Makhleb
Ru
Trog
Uskayaw
Xom
Yredelemnul
Zin
Jiyva

Shops:
D:2 (   D:11 *   D:13 :

Annotations:
D:7 exclusion: statue


Innate Abilities, Weirdness & Mutations

You have blades for hands.
You are flying.
Your spellcasting is less reliable in this form.
You are incapable of wielding weapons or throwing items.
You are immune to sickness and miasma.
You are immune to poison.
Your flesh is very heat resistant. (rF++)
You are vulnerable to cold. (rC-)
You float through the air rather than walking.
You learn spells naturally, not from books.
Your magical power is your life essence.
You have superior vitality. (+4 MHP)


Message History

You slash the orc!
You kill the orc!
You slash the orc wizard! x2
You kill the orc wizard!
You slice the orc warrior!!
You kill the orc warrior!
You are too berserk!
The barbs in your skin will harm you if you move.
Continue?
Okay, then.
The sixfirhy misses you.
The orc high priest completely misses you.
You slice the sixfirhy!!
The sixfirhy is severely wounded.
The sixfirhy completely misses you.
You slash the sixfirhy!
You kill the sixfirhy!
The sixfirhy disappears in a puff of smoke!
The orc high priest barely misses you.
You slice the ynoxinul!!
You kill the ynoxinul!
The ynoxinul disappears in a puff of smoke!
The orc high priest hits you from afar with a +0 halberd.
* * * LOW HITPOINT WARNING * * *
You barely miss the sun demon. You slash the sun demon.
The sun demon is lightly wounded.
The sun demon barely misses you.
You hit the sun demon.
The sun demon is lightly wounded.
An orc warrior comes into view. It is wielding a +0 flail.
The orc high priest mumbles some strange prayers to Beogh.
You shred the sun demon!!!
The sun demon is severely wounded.
The sun demon misses you.
You slash the sun demon! Your slash misses the sun demon.
The sun demon is almost dead.
You are no longer berserk.
You are exhausted.
You feel yourself slow down. The orc high priest misses you.
The sun demon hits you!!
You die...

### * ..## ##### *, ...#
#...# *** ..## #####...##
, ,** ...###.#......## **
,,,, ...........#...###
,,,*, ..........###..#@##
**,,, , ,,
...#.##....#...)#3## **,*
, ..###..#.......#ooo## *
, , ,
.##.....##....#.{o4.#*,,,,
*, .#.....##...........#*,
, ,,,
.....#..............#
,,,,,, ,,,
#...###..).##...###.).#* ,
*,
..............#..,.......
, * ,
..#....#....>##.....#..$.#
,


You could see an orc high priest, a sun demon (summoned), an ice devil
(summoned), an orc warrior and an orc wizard (invisible).

Vanquished Creatures
  A hydra (D:15)
  A catoblepas (D:14)
  5 two-headed ogres
  4 centaur warriors
  5 boulder beetles
  A tengu warrior (D:14)
  A fire crab (Lair:4)
  A lindwurm (Lair:5)
  A wizard (D:15)
  3 deep elf pyromancers
  2 orc knights
  A necromancer (D:15)
  An orc sorcerer (D:15)
  5 ugly things
  5 cyclopes
  6 elephants
  A centaur zombie (D:15)
  A manticore (Lair:3)
  2 black mambas
  2 naga magi (D:15)
  A guardian serpent (shapeshifter) (D:15)
  2 gargoyles
  3 cane toads
  An unseen horror (D:11)
  2 centaur skeletons (D:15)
  6 komodo dragons
  2 kobold demonologists (D:12)
  A tengu conjurer (D:14)
  A wind drake (Lair:3)
  4 trolls
  6 polar bears
  A wolf spider simulacrum (D:15)
  5 hornets (Lair:5)
  4 blink frogs (Lair:4)
  4 dream sheep (Lair:5)
  19 slime creatures
  2 shadows
  4 wraiths
  2 vampires
  14 humans
  A wyvern (D:9)
  20 yaks
  5 water elementals
  12 spriggans (Lair:5)
  A fire bat (D:12)
  A hog (shapeshifter) (D:15)
  3 steam dragons
  3 vampire mosquitoes (D:9)
  2 basilisks
  Grum (D:8)
  5 water moccasins
  A floating eye (shapeshifter) (D:13)
  A meliai simulacrum (D:15)
  2 black bears (Lair:5)
  2 sky beasts
  4 ice beasts
  11 orc warriors
  10 ogres
  4 boggarts (Lair:5)
  3 centaurs
  26 wolves
  2 phantoms
  4 kobold brigands
  2 necrophages
  5 bullfrogs
  3 scorpions
  8 wights
  7 killer bees
  2 howler monkeys
  8 electric eels
  3 hounds
  A jelly (D:6)
  3 orc priests
  A gnoll bouda (D:8)
  An iguana (D:5)
  12 orc wizards
  2 centaur simulacra
  3 gnolls
  9 adders
  A river rat (D:13)
  3 shadow imps
  2 white imps (D:8)
  An ufetubus (D:8)
  4 worms
  2 dart slugs
  39 orcs
  3 ball pythons
  6 endoplasms
  2 giant cockroaches (D:1)
  6 goblins
  6 hobgoblins
  4 quokkas
  4 bats
  2 frilled lizards
  17 kobolds
  3 rats
432 creatures vanquished.

Vanquished Creatures (collateral kills)
  Nessos (D:13)
  A rakshasa (D:15)
  2 hydras
  A catoblepas (D:13)
  2 centaur warriors
  The ghost of arthad the Protected, a journeyman GrFi of Gozag (D:11)
  Urug (Lair:1)
  Pikel (D:4)
  A cyclops (D:12)
  3 ugly things
  A slime creature (D:15)
  A black mamba (Lair:3)
  An elephant (Lair:5)
  2 cane toads (Lair:3)
  A hornet (Lair:5)
  A polar bear (Lair:5)
  4 blink frogs (Lair:3)
  A spriggan (Lair:5)
  A water elemental (D:15)
  3 yaks (D:10)
  A human (D:13)
  A vampire mosquito (D:10)
  A black bear (Lair:5)
  3 orc warriors (D:10)
  5 wolves (Lair:3)
  A centaur (D:15)
  4 orcs (D:10)
  A hobgoblin (D:4)
47 creatures vanquished.

Vanquished Creatures (others)
  2 centaur warriors
  A spriggan (Lair:5)
  A water elemental (D:13)
  A human (D:12)
  A black bear (Lair:5)
  A centaur (D:15)
  A killer bee (D:13)
  An orc wizard (D:10)
  2 bushes (Lair:2)
  11 fungi
  49 plants
  2 snaplasher vines
73 creatures vanquished.

Grand Total: 552 creatures vanquished

Notes
Turn   | Place    | Note
-------+----------+-------------------------------------------
     0 | D:1      | tkbsonic5 the Djinni Monk began the quest for the Orb.
     0 | D:1      | Reached XP level 1. HP: 20/20 MP: 0/0
   158 | D:1      | Reached XP level 2. HP: 25/25 MP: 0/0
   759 | D:2      | Found a faded altar of an unknown god.
   872 | D:2      | Reached XP level 3. HP: 30/30 MP: 0/0
   872 | D:2      | Learned a level 1 spell: Slow
  1195 | D:2      | Reached XP level 4. HP: 27/35 MP: 0/0
  1232 | D:2      | Found a shimmering altar of Xom.
  1464 | D:2      | Reached skill level 4 in Dodging
  1537 | D:2      | Found Docep's Antique Weapon Shoppe.
  1659 | D:2      | Reached skill level 1 in Spellcasting
  1659 | D:2      | Reached XP level 5. HP: 41/41 MP: 0/0
  1659 | D:2      | Learned a level 2 spell: Momentum Strike
  2248 | D:3      | Reached XP level 6. HP: 35/47 MP: 0/0
  2524 | D:3      | Found a broken altar of Ashenzari.
  2559 | D:3      | Became a worshipper of Ashenzari the Shackled
  2586 | D:3      | Reached * piety under Ashenzari
  2960 | D:4      | Noticed Pikel
  2984 | D:4      | Killed Pikel
  2985 | D:4      | Reached skill level 5 in Fighting
  2985 | D:4      | Reached skill level 5 in Dodging
  2985 | D:4      | Reached skill level 5 in Unarmed Combat
  2985 | D:4      | Reached XP level 7. HP: 54/54 MP: 0/0
  2985 | D:4      | Learned a level 3 spell: Lesser Beckoning
  2985 | D:4      | Reached XP level 8. HP: 59/59 MP: 0/0
  3026 | D:4      | Identified the cursed +2 cloak of the Shackled Sky {Evo,
                  | Self} (You found it on level 3 of the Dungeon)
  3026 | D:4      | Identified the cursed +2 pair of gloves of the Cryptic
                  | Seeker {Cun, Evo} (You found it on level 3 of the Dungeon)
  3244 | D:4      | Reached skill level 6 in Dodging
  3301 | D:4      | Reached ** piety under Ashenzari
  3744 | D:5      | Entered Level 5 of the Dungeon
  4049 | D:5      | Found a basalt altar of Yredelemnul.
  4118 | D:5      | Reached *** piety under Ashenzari
  4523 | D:5      | Reached XP level 9. HP: 65/68 MP: 0/0
  4523 | D:5      | Learned a level 3 spell: Stone Arrow
  4705 | D:6      | Reached skill level 1 in Throwing
  4907 | D:6      | Reached skill level 1 in Armour
  5110 | D:6      | Found a glowing silver altar of Zin.
  5456 | D:7      | Reached skill level 7 in Dodging
  5533 | D:7      | Reached **** piety under Ashenzari
  5674 | D:7      | Found a flagged portal.
  5703 | D:7      | Found a staircase to the Ecumenical Temple.
  5759 | D:7      | Identified the +3 sling of Xyemn {speed, rElec rF+ rC+}
  6135 | D:7      | Found a snail-covered altar of Cheibriados.
  6358 | D:7      | Reached skill level 1 in Ranged Weapons
  6583 | D:8      | Reached XP level 10. HP: 77/77 MP: 0/0
  6954 | D:8      | Noticed Grum
  6966 | D:8      | Killed Grum
  6971 | D:8      | Reached skill level 8 in Dodging
  7726 | D:9      | Reached ***** piety under Ashenzari
  7769 | D:9      | Reached skill level 5 in Spellcasting
  7857 | D:9      | Found a faded altar of an unknown god.
  7857 | D:9      | Found a hazy altar of Hepliaklqana.
  7857 | D:9      | Found a faded altar of an unknown god.
  7957 | D:9      | Noticed a two-headed ogre
  7971 | D:9      | Killed a two-headed ogre
  7972 | D:9      | Reached XP level 11. HP: 84/87 MP: 0/0
  7972 | D:9      | Learned a level 5 spell: Summon Forest
  8127 | D:9      | Found a shimmering altar of Xom.
  8312 | D:9      | Found a shadowy altar of Dithmenos.
  8660 | D:9      | Found a burning altar of Makhleb.
  8783 | D:9      | Identified Plato's Collected Works on Hypothermia (You
                  | found it on level 2 of the Dungeon)
  8854 | D:10     | Entered Level 10 of the Dungeon
  9149 | D:9      | Reached skill level 1 in Axes
  9228 | D:9      | Reached skill level 9 in Dodging
  9330 | D:10     | Noticed a two-headed ogre
  9345 | D:10     | Killed a two-headed ogre
  9454 | D:10     | Reached skill level 1 in Evocations
  9466 | D:10     | Found a bloodstained altar of Trog.
  9824 | D:10     | Found a staircase to the Orcish Mines.
  9883 | D:10     | Found a staircase to the Lair.
  9963 | D:10     | Reached ****** piety under Ashenzari
 10154 | D:10     | Found a hide-covered altar of Uskayaw.
 10202 | Lair:1   | Entered Level 1 of the Lair of Beasts
 10204 | Lair:1   | Noticed Urug
 10213 | Lair:1   | Killed Urug
 10371 | Lair:1   | Noticed a death yak
 10372 | Lair:1   | Noticed a death yak
 10387 | Lair:1   | Noticed a death yak
 10410 | Lair:2   | Found a staircase to the Snake Pit.
 10555 | Lair:2   | Reached XP level 12. HP: 65/94 MP: 0/0
 10654 | Lair:2   | Noticed a death yak
 10654 | Lair:2   | Noticed a death yak
 10655 | Lair:2   | Noticed a death yak
 10693 | Lair:3   | Reached skill level 5 in Throwing
 11198 | Lair:3   | Noticed a four-headed hydra
 11210 | Lair:3   | Killed a four-headed hydra
 11492 | Lair:3   | Reached skill level 10 in Dodging
 12115 | Lair:3   | Found a staircase to the Shoals.
 13091 | Lair:4   | Found a viscous altar of Jiyva.
 13092 | Lair:4   | Found a staircase to the Slime Pits.
 13211 | Lair:4   | Noticed a fire crab
 13220 | Lair:4   | Killed a fire crab
 13221 | Lair:4   | Reached skill level 5 in Armour
 13256 | Lair:4   | Reached XP level 13. HP: 83/100 MP: 0/0
 13256 | Lair:4   | Learned a level 5 spell: Blade Hands
 13273 | Lair:4   | Identified the cursed +5 battleaxe "Mantic Free Will" {Cun,
                  | Melee} (You took it off a wight on level 9 of the Dungeon)
 13742 | Lair:5   | Entered Level 5 of the Lair of Beasts
 13958 | Lair:5   | Reached skill level 5 in Evocations
 14138 | Lair:5   | Reached skill level 10 in Fighting
 14149 | Lair:5   | Reached skill level 5 in Axes
 14306 | Lair:5   | Reached skill level 11 in Dodging
 14311 | Lair:5   | HP: 4/102 [spriggan rider/+0 spear (2)]
 14597 | Lair:5   | Identified the +7 spear "Naovveol" {vorpal, Contam Str+3
                  | Int+5 Stlth+}
 15164 | D:11     | Found Ryfekkurgh's Assorted Antiques.
 15307 | D:11     | Reached XP level 14. HP: 110/110 MP: 0/0
 15556 | D:11     | Bought a lightning rod (4/4) for 870 gold pieces
 15578 | D:11     | Found a runed translucent door.
 15578 | D:11     | Noticed arthad's ghost (journeyman GrFi)
 15942 | D:11     | Killed arthad's ghost
 16610 | D:12     | Identified the +4 long sword of the Sixty-Six Gods {holy,
                  | rF+ Str+2 Stlth-}
 16668 | D:13     | Noticed Nessos
 16668 | D:13     | Found a gate to the Vaults.
 16955 | D:13     | Killed Nessos
 17134 | D:13     | Found Izustas's Book Boutique.
 17488 | D:13     | Reached skill level 12 in Dodging
 18194 | D:14     | Reached XP level 15. HP: 81/116 MP: 0/0
 18194 | D:14     | Learned a level 6 spell: Summon Cactus Giant
 18712 | D:15     | Entered Level 15 of the Dungeon
 18782 | D:15     | HP: 2/116 [enormous slime creature (70)]
 19212 | D:15     | Found a staircase to the Depths.
 19394 | D:15     | Found a blossoming altar of Fedhas.
 19858 | D:15     | Found a sacrificial altar of Ru.
 20091 | Orc:1    | Entered Level 1 of the Orcish Mines
 20275 | Orc:1    | HP: 7/175 [orc high priest/+0 halberd (6)]
 20279 | Orc:1    | Demolished by a sun demon

Illustrated notes

Levels and vault maps discovered:
D:1:      matt_arrival_los_fun, layout_rooms, grunt_decor_cap
D:2:      layout_basic, shapermc_ecumenical_altar_rom_forum, serial_shops,
          nicolae_shop_hallway_plus, basic_altar
D:3:      layout_loops_ring, mainiacjoe_overflow_surrounded_room
D:4:      layout_cave_pools, nicolae_overflow_hidden_temple, uniq_pikel
D:5:      layout_basic, lemuel_crystal_altar
D:6:      layout_basic, mainiacjoe_overflow_small_starburst
D:7:      layout_loops_ring, mainiacjoe_overflow_alcove_1, vehumet_statue,
          minmay_temple_entry_waves, enter_bailey_2,
          minmay_misc_feat_more_columns, grunt_ogre_cave,
          hangedman_decor_opposing
D:8:      layout_cave_pools, serial_ice, serial_ice_j, serial_ice_b,
          serial_ice_d, serial_ice_h, nicolae_concentric_dashed_squares_mild,
          uniq_grum
D:9:      layout_loops_ring, nicolae_hepliaklqana_ecumenical_no_more,
          grunt_dithmenos_shadows, mainiacjoe_overflow_tiny_flanked,
          lemuel_tele_altar
D:10:     layout_big_octagon, lemuel_doored_altar, trog_three_pillars_becter,
          lair_entry_dummy, david_orc_4
D:11:     layout_basic, serial_shops, nicolae_shop_overgrown_old_shop,
          hellmonk_ghost_happy_afterlife
D:12:     layout_roguey, minmay_fractal_squares_diagonal_5
D:13:     layout_basic, david_vaults_3, serial_shops, shop, st_stairs_11
D:14:     layout_loops_ring, minmay_staircase_bubble
D:15:     grunt_enter_depths_magical_seal, layout_basic,
          serial_co_window_serial, co_window_paths_b, co_window_paths_a,
          co_window_cross_1, co_window_paths_b, co_window_paths_b,
          co_window_corner_cb, co_window_broadway_a, co_window_unsneaky_path_a,
          co_window_corner_b, co_window_paths_d, fedhas_altar_1,
          nicolae_ru_path_of_blood
Lair:1:   layout_cave_pods, guppyfry_lair_drakes, uniq_urug
Lair:2:   layout_chaotic_city, dummy_snake_entry,
          chequers_serial_rivers_small_b, nicolae_lair_grazing_beasts
          [nicolae_sub_lair_graze_edge, nicolae_sub_lair_graze_edge,
          nicolae_sub_lair_graze_edge, nicolae_sub_lair_graze_edge]
Lair:3:   layout_cave_pods, minmay_shoals_entry_beasts
Lair:4:   nzn_winding_woodlands_three_and_one
          [nzn_winding_woodlands_5x15_lazy_stream,
          nzn_winding_woodlands_5x15_zeroes, nzn_winding_woodlands_5x15_eye,
          nzn_winding_woodlands_center_lodge], layout_regular_city,
          dpeg_slime_entry_corner, minivault_24, uniq_nessos
Lair:5:   minmay_lair_end_enchanted_forest, layout_misc_corridors,
          nicolae_lair_lil_pond
Orc:1:    layout_diamond_mine, basic_altar, kennysheep_orc_sif_temple

Skill      XL: |  1  2  3  4  5  6  7  8  9 10 11 12 13 14 15 |
---------------+----------------------------------------------+-----
Dodging        | 4 5 6 7 8 9 10 11 12 | 12.6
Spellcasting   | 1 2 3 4 5 6 7 8 |  8.6
Fighting       | 4 5 6 7 8 9 10 11 | 11.7
Unarmed Combat | 4 5 6 7 8 9 |  9.4
Throwing       | 2 3 4 5 6 7 |  7.1
Armour         | 2 3 4 5 6 7 8 |  8.5
Ranged Weapons | 1 3 |  3.4
Axes           | 2 4 5 6 7 |  7.1
Evocations     | 2 4 5 6 |  6.9
Stealth        | |  1.5

Action                   |  1- 3 |  4- 6 |  7- 9 | 10-12 | 13-15 || total
-------------------------+-------+-------+-------+-------+-------++-------
Melee: Unarmed           |   110 |   129 |   146 |    31 |   157 ||   573
       Punch             |     1 |     6 |     4 |     8 |    22 ||    41
       Rapier            |       |       |       |    79 |       ||    79
       Battleaxe         |       |       |       |   149 |   507 ||   656
 Fire: Sling             |       |       |       |    96 |       ||    96
Throw: Boomerang         |     8 |       |       |    41 |    55 ||   104
       Dart              |    11 |       |    53 |    63 |    23 ||   150
       Javelin           |       |       |       |    10 |    38 ||    48
       Throwing net      |       |       |       |       |     2 ||     2
 Cast: Slow              |     4 |    18 |    45 |    44 |    10 ||   121
       Momentum Strike   |       |    13 |    13 |     6 |       ||    32
       Lesser Beckoning  |       |       |     4 |     3 |     2 ||     9
       Stone Arrow       |       |       |    30 |   101 |    43 ||   174
       Summon Forest     |       |       |       |    16 |     9 ||    25
       Blade Hands       |       |       |       |       |    19 ||    19
       Summon Cactus Gia |       |       |       |       |     6 ||     6
Invok: Curse Item        |       |     2 |     4 |     3 |     1 ||    10
       Shatter the Chain |       |       |       |     2 |     1 ||     3
Evoke: Wand              |       |       |    10 |    34 |    70 ||   114
       Phantom mirror    |       |       |       |       |     4 ||     4
       Lightning rod     |       |       |       |       |     8 ||     8
       Box of beasts     |       |       |       |       |     4 ||     4
  Use: Potion            |     5 |     4 |     2 |     3 |     9 ||    23
       Scroll            |     2 |    10 |     1 |     4 |    12 ||    29
 Stab: Sleeping          |     1 |     1 |       |       |     9 ||    11
       Invisible         |       |       |     2 |       |       ||     2
       Distracted        |       |       |     1 |     2 |     2 ||     5
       Held in net/web   |       |       |       |       |     1 ||     1
       Betrayed ally     |       |       |       |       |     1 ||     1
Armor: Ring mail         |    28 |     6 |    16 |    77 |       ||   127
       Robe              |     1 |       |       |       |       ||     1
       Skin              |     1 |    21 |     2 |       |       ||    24
       Leather armour    |       |    20 |    18 |       |       ||    38
       Troll leather arm |       |       |       |    10 |   159 ||   169
       Chain mail        |       |       |       |       |    23 ||    23
Dodge: Dodged            |    66 |    74 |    65 |   424 |  1057 ||  1686

Table legend: (Time is in decaauts)
 A = Elapsed time spent in this place.
 B = Non-inter-level travel time spent in this place.
 C = Inter-level travel time spent in this place.
 D = Time resting spent in this place.
 E = Time spent auto-exploring this place.
 F = Levels seen in this place.
 G = Mean time per level.
                   A        B        C        D        E       F      G
               +--------+--------+--------+--------+--------+-----+--------+
         Total |  20202 |  19213 |    989 |   2816 |  12033 |  21 |  962.0 |
       Dungeon |  15144 |  14499 |    645 |   1955 |   9286 |  15 | 1009.6 |
          Lair |   4879 |   4535 |    344 |    853 |   2649 |   5 |  975.8 |
  Orcish Mines |    178 |    178 |      0 |      8 |     98 |   1 |  178.0 |
               +--------+--------+--------+--------+--------+-----+--------+

Top non-repeatable levels by time:
  Lair:3: 1874 daAuts
     D:9: 1579 daAuts
  Lair:5: 1294 daAuts
     D:8: 1227 daAuts
    D:15: 1194 daAuts
  Lair:4: 1171 daAuts
     D:2: 1161 daAuts
    D:10: 1096 daAuts
     D:3: 1019 daAuts
     D:7: 975 daAuts
    D:12: 971 daAuts
    D:14: 939 daAuts
    D:13: 900 daAuts
     D:6: 872 daAuts
     D:4: 846 daAuts
